[Event "*** Titled Tuesday Blitz"]
[Site "Chess.com"]
[Date "2021.02.16"]
[Round "3"]
[White "DenisQ"]
[Black "Eltaj_Safarli"]
[Result "1/2-1/2"]
[WhiteElo "2667"]
[BlackElo "2920"]
[TimeControl "180+1"]
[EndTime "10:31:20 PST"]
[Termination "Game drawn by repetition"]

1. Nf3 Nf6 2. c4 g6 3. Nc3 d5 4. cxd5 Nxd5 5. e4 Nxc3 6. dxc3 Qxd1+ 7. Kxd1 f6 8. Be3 e5 9. Nd2 Nd7 10. f3 Bc5 11. Bxc5 Nxc5 12. Bc4 Ke7 13. Kc2 a5 14. Rhd1 c6 15. Nb3 Nxb3 16. axb3 b5 17. Be2 Be6 18. h4 f5 19. g3 fxe4 20. fxe4 Rhf8 21. Rf1 Rxf1 22.
Rxf1 a4 23. bxa4 Rxa4 24. Bd3 Ra8 25. Be2 Bh3 26. Rf2 Ra1 27. Bd1 Be6 28. Kd2 Rb1 29. Kc2 Ra1 30. Kd2 c5 31. Rf1 Bc4 32. Re1 Ra8 33. Be2 Bxe2 34. Rxe2 Ra2 35. Ke3 Ke6 36. Rd2 h5 37. Rd5 Rxb2 38. Rxc5 Rg2 39. Kf3 Rb2 40.
Rc6+ Kf7 41. Rc5 Rb3 42. Rxe5 Rxc3+ 43. Kf4 b4 44. Rb5 b3 45. g4 hxg4 46. Kxg4 Ke6 47. Kg5 Rg3+ 48. Kf4 Rc3 49. Kg5 Rg3+ 50. Kf4 Rc3 51.
Kg5 1/2-1/2

[Event "*** Titled Tuesday Blitz"]
[Site "Chess.com"]
[Date "2021.02.16"]
[Round "3"]
[White "biostatistician"]
[Black "CM_rui"]
[Result "1/2-1/2"]
[WhiteElo "2608"]
[BlackElo "2417"]
[TimeControl "180+1"]
[EndTime "10:31:20 PST"]
[Termination "Game drawn - insufficient material"]

1. d4 Nf6 2. Nf3 e6 3. c4 Bb4+ 4. Nbd2 O-O 5. a3 Be7 6. e4 d6 7. Bd3 Nbd7 8. O-O e5 9. d5 a5 10. b3 Nc5 11. Bc2 h6 12. Bb2 Nh7 13. b4 axb4 14.
axb4 Rxa1 15. Qxa1 Na6 16. Bc3 f5 17. exf5 Bxf5 18. Bxf5 Rxf5 19. Ne4 Qf8 20. b5 Nb8 21. c5 Rxf3 22. gxf3 Qxf3 23. Ng3 Ng5 24. h4 Nh3+ 25. Kh2 Nf4 26. Rg1 Qxf2+ 27. Kh1 Qf3+ 28. Kh2 Bxh4 29. Qe1 Qg4 30. Qf1 Bxg3+ 31. Rxg3 Qh4+ 32. Rh3 Qxh3+ 33. Qxh3 Nxh3 34. Kxh3 Nd7 35. c6 bxc6 36. dxc6 Nb6 37. Ba5 Nd5 38. Bxc7 Kf7 39. Ba5 Ke7 40. b6 Nxb6 41.
Bxb6 d5 42. Kg4 Kd6 43. c7 Kd7 44. Kf5 d4 45. Kxe5 d3 46. Ba5 d2 47. Bxd2 Kxc7 48.
Kf5 Kd7 49. Kg6 h5 50. Kxh5 Ke7 51. Kg6 Kf8 52. Bc3 Ke8 53. Bxg7 1/2-1/2

[Event "*** Titled Tuesday Blitz"]
[Site "Chess.com"]
[Date "2021.02.16"]
[Round "3"]
[White "AttilaTurzo"]
[Black "picturesquecheck"]
[Result "1-0"]
[WhiteElo "2498"]
[BlackElo "2245"]
[TimeControl "180+1"]
[EndTime "10:31:20 PST"]
[Termination "AttilaTurzo won on time"]

1. d4 Nf6 2. Nf3 g6 3. Bg5 Bg7 4. c3 O-O 5. Nbd2 d5 6. e3 Bf5 7. Be2 h6 8. Bh4 Nbd7 9. Qb3 Nb6 10. a4 a5 11. O-O Be6 12. Ne5 Ne4 13. Rfd1 Nxd2 14.
Rxd2 Qc8 15. Bxe7 Re8 16. Bh4 Bxe5 17. dxe5 d4 18. c4 g5 19. Bg3 dxe3 20. fxe3 Nd7 21.
Rf1 Nc5 22. Qc2 Rd8 23. Bh5 Rxd2 24. Qxd2 Qd7 25. Qf2 b6 26. Qf6 Bxc4 27. Rd1 Qe6 28. Qf3 Re8 29. Bg4 Qe7 30. h4 Be6 31. Bh5 Rd8 32.
Rf1 Bd5 33. Qg4 Be6 34. Qe2 Nxa4 35. hxg5 hxg5 36. e4 Rd4 37. Rf6 Nc5 38. Bf3 g4 39. Qe3 gxf3 40. Qxd4 fxg2 41. Qe3 Qf8 42. Rf2 Qg7 43. Bf4 Nxe4 44. Qxe4 1-0

[Event "*** Titled Tuesday Blitz"]
[Site "Chess.com"]
[Date "2021.02.16"]
[Round "3"]
[White "shaheus"]
[Black "csati17"]
[Result "1-0"]
[WhiteElo "2410"]
[BlackElo "2586"]
[TimeControl "180+1"]
[EndTime "10:31:21 PST"]
[Termination "shaheus won on time"]

1. e4 e6 2. Nf3 d5 3. Nc3 Bb4 4. Qe2 Ne7 5. g3 O-O 6. Bg2 c5 7. O-O Nbc6 8. d3 d4 9. Nb1 e5 10. Nbd2 Bxd2 11. Bxd2 f6 12. Nh4 Be6 13. f4 b5 14. f5 Bf7 15. g4 Nc8 16. Nf3 h6 17.
h4 Nd6 18. Bh3 Re8 19. Kh1 Kf8 20. Rg1 Ke7 21. c3 c4 22. cxd4 exd4 23. e5 fxe5 24. Nxe5 Nxe5 25. Qxe5+ Kd7 26. Qxd4 Qb6 27. Qxb6 axb6 28.
Bg2 cxd3 29. Bxa8 Rxa8 30. Rg3 Bd5+ 31. Kh2 Be4 32. Bb4 Nc4 33. b3 Ne5 34. Rf1 Rxa2+ 35. Kh3 Nc6 36. Bc3 Re2 37. Bxg7 d2 38. Rd1 Bc2 39.
Rxd2+ Rxd2 40. f6 Rf2 41. g5 Ne5 42. Re3 1-0

[Event "*** Titled Tuesday Blitz"]
[Site "Chess.com"]
[Date "2021.02.16"]
[Round "3"]
[White "Titus369"]
[Black "TeukkaSalama"]
[Result "1-0"]
[WhiteElo "2569"]
[BlackElo "2377"]
[TimeControl "180+1"]
[EndTime "10:31:21 PST"]
[Termination "Titus369 won by checkmate"]

1. e4 d6 2. d4 Nf6 3. Nc3 e5 4. Nf3 exd4 5. Nxd4 Be7 6. Bc4 O-O 7. O-O Nbd7 8. a4 Re8 9. f4 Bf8 10. Qf3 Nc5 11. Re1 a5 12. b3 c6 13. Bb2 Qb6 14. Kh1 Nxb3 15. Nxb3 Qb4 16. Bd3 Bg4 17. Qg3 Be6 18. Na2 Nh5 19. Qf3 Qb6 20. Qxh5 Bxb3 21.
cxb3 Qxb3 22. Qe2 d5 23. e5 Re6 24. Nc1 Qb4 25. Ba3 Qxf4 26. Bxf8 Rxf8 27. Nb3 Rfe8 28. Qf3 Qb4 29. Qg3 c5 30. Bb5 R8e7 31. Rad1 d4 32. Nd2 Rg6 33. Qf3 Qb2 34. Nc4 Qc2 35. Nd6 Qb2 36.
Bc4 Kh8 37. Nxf7+ Rxf7 38. Bxf7 Rg5 39. e6 Rxg2 40. e7 Rxh2+ 41. Kg1 Rh1+ 42. Kxh1 h6 43.
e8=Q+ Kh7 44. Bg8+ Kh8 45. Bc4+ Kh7 46. Bd3+ g6 47. Re7# 1-0

[Event "*** Titled Tuesday Blitz"]
[Site "Chess.com"]
[Date "2021.02.16"]
[Round "3"]
[White "atalz0"]
[Black "Iskusnyh"]
[Result "0-1"]
[WhiteElo "2395"]
[BlackElo "2603"]
[TimeControl "180+1"]
[EndTime "10:31:22 PST"]
[Termination "Iskusnyh won on time"]

1. d4 d5 2. c4 c6 3. e3 Nf6 4.
Nc3 e6 5. b3 a6 6. Bd3 Bb4 7. Ne2 Nbd7 8. O-O O-O 9. a3 Bd6 10. c5 Bc7 11. f4 b6 12. b4 a5 13.
Bd2 Ba6 14. Bxa6 Rxa6 15. Qb3 b5 16. Ng3 Qa8 17. Qb2 Qa7 18. Na2 Ra8 19. bxa5 Bxa5 20. Bxa5 Rxa5 21. Nb4 Qb7 22. Ra2 Ra4 23. Rfa1 R8a7 24.
Qc2 Qa8 25. h3 g6 26. Qb3 Nb8 27. Kh2 Na6 28. Nd3 Nb8 29. Nb4 h5 30. Kh1 Nbd7 31. Kh2 h4 32. Ne2 Ne4 33. Nc3 Nxc3 34. Qxc3 Nf6 35.
Qb3 Ne4 36. Nd3 Kg7 37. Nb4 Ng3 38. Nd3 Nf5 39. Nb4 Qc8 40. Qd3 Qc7 41. Kh1 Ng3+ 42. Kg1 Ne4 43. Qb3 Qc8 44. Qd3 Qa8 45. Qb3 Kg8 46.
Nd3 Rc4 47. Ne5 Rc3 48. Qb2 Rxe3 49. Qc2 Rexa3 50. Rxa3 Rxa3 51. Rxa3 Qxa3 52. Nxc6 Qa1+ 53.
Kh2 Ng3 0-1

[Event "*** Titled Tuesday Blitz"]
[Site "Chess.com"]
[Date "2021.02.16"]
[Round "3"]
[White "JuliaEfremova"]
[Black "Alex-11211"]
[Result "1-0"]
[WhiteElo "2233"]
[BlackElo "2404"]
[TimeControl "180+1"]
[EndTime "10:31:22 PST"]
[Termination "JuliaEfremova won on time"]

1. d4 Nf6 2. Bf4 e6 3. Nf3 d5 4. e3 c5 5. c3 Nc6 6. Bd3 cxd4 7. exd4 Bd6 8. Bxd6 Qxd6 9. Qe2 O-O 10. O-O a6 11. a4 Bd7 12. Nbd2 Rfe8 13. Rfe1 h6 14.
h3 Rac8 15. Qe3 Re7 16. a5 Be8 17. b4 Rec7 18. Nb3 Ne7 19. Nc5 Nd7 20. Bc2 Nxc5 21. bxc5 Qd8 22. Qd3 Ng6 23. Ne5 Nf8 24. Qg3 Qg5 25.
Qxg5 hxg5 26. Rab1 f6 27. Nd3 Kf7 28. Rb2 Bb5 29.
Nb4 Re7 30. Bd3 Be8 31. Reb1 Ng6 32. g3 Nf8 33. Nc2 Rcc7 34. Ne3 Bc6 35. Kf1 Nd7 36. Ke2 Nb8 37. f4 gxf4 38. gxf4 Be8 39. Rg1 Nc6 40. Ra2 Bd7 41. Kd1 Bc8 42. Bg6+ Kf8 43. h4 Rcd7 44. h5 Rd8 45. Kc1 e5 46. fxe5 fxe5 47. Rf2+ Kg8 48. h6 exd4 49. Nxd5 Red7 50. Nb6 Rc7 51. h7+ Kh8 52.
Rgf1 Bg4 53. Rf8+ 1-0

[Event "*** Titled Tuesday Blitz"]
[Site "Chess.com"]
[Date "2021.02.16"]
[Round "3"]
[White "Chessbard1972"]
[Black "bennyficial"]
[Result "0-1"]
[WhiteElo "2357"]
[BlackElo "2212"]
[TimeControl "180+1"]
[EndTime "10:31:22 PST"]
[Termination "bennyficial won on time"]

1. e4 c5 2. Nf3 Nc6 3. Bb5 g6 4.
Bxc6 dxc6 5. h3 Bg7 6. d3 Nf6 7. O-O O-O 8. a4 b6 9. a5 Bd7 10. Nc3 Qc7 11. Be3 Rfd8 12. Qd2 Be8 13. Bf4 Qc8 14.
axb6 axb6 15. Rxa8 Qxa8 16. Bc7 Rd7 17. Bxb6 Qb7 18.
Bxc5 Qxb2 19. Rb1 Nxe4 20. dxe4 Qxc3 21. Qxc3 Bxc3 22. Rb8 Kf8 23. g3 h6 24. e5 Ba5 25.
Be3 Rd8 26. Bxh6+ Kg8 27. Rb3 c5 28. Rb7 Bc6 29. Rb3 Rd1+ 30. Kg2 c4 31. Re3 Bb6 32.
Rc3 Bd5 33. Be3 Ba5 34. Ra3 Bb4 35. Ra7 Kg7 36. g4 Be6 37. Kg3 Rd5 38. Rb7 Bc5 39. Bxc5 Rxc5 40. c3 Kf8 41. Kf4 Bd5 42. Nd4 Bxb7 43. h4 Ra5 44. h5 Ra2 45. Kg3 gxh5 46. gxh5 Kg7 47. Nf5+ Kh7 48. f4 Rc2 49. Nxe7 Rxc3+ 50. Kh4 Rd3 51. f5 c3 0-1

[Event "*** Titled Tuesday Blitz"]
[Site "Chess.com"]
[Date "2021.02.16"]
[Round "3"]
[White "esteban062000"]
[Black "Kurkusha"]
[Result "0-1"]
[WhiteElo "2142"]
[BlackElo "2358"]
[TimeControl "180+1"]
[EndTime "10:31:22 PST"]
[Termination "Kurkusha won by resignation"]

1. Nf3 Nf6 2. c4 e6 3. b3 d5 4. Bb2 Bd6 5. g3 Nbd7 6. Bg2 O-O 7. O-O c6 8. cxd5 exd5 9. d3 Re8 10. Nbd2 Qe7 11.
Re1 Ne5 12. Rc1 Bg4 13. h3 Bh5 14. g4 Bg6 15. Nxe5 Bxe5 16. Bxe5 Qxe5 17. Nf3 Qd6 18. Nh4 Qa3 19. Nxg6 hxg6 20. Rc2 Re7 21. Qc1 Qd6 22. e4 dxe4 23. dxe4 Rae8 24. Rce2 Qc7 25. Qc5 b6 26. Qc2 c5 27. Qc3 Nd5 28. Qc1 Nf4 29. Re3 Ne6 30.
Kh1 Nd4 31. Qd2 Rd8 32. Rd3 Red7 33. Qg5 Ne6 34. Rxd7 Qxd7 35. Qc1 Qd3 36. Qe3 Qc2 37.
Qe2 Rd2 38. Qa6 Rxf2 39. Qc8+ Kh7 40. Rg1 Nf4 41. Qd8 f6 42. Qd6 Nxg2 43. Qg3 Nf4 44. Qh4+ Kg8 45. Qg3 g5 46. h4 Qxe4+ 0-1

[Event "*** Titled Tuesday Blitz"]
[Site "Chess.com"]
[Date "2021.02.16"]
[Round "3"]
[White "Er_is_geen_hoop_meer"]
[Black "PSvidler"]
[Result "0-1"]
[WhiteElo "2464"]
[BlackElo "2913"]
[TimeControl "180+1"]
[EndTime "10:31:23 PST"]
[Termination "PSvidler won by resignation"]

1. Nf3 g6 2. c4 Bg7 3. d4 c5 4. e4 Nc6 5. dxc5 Qa5+ 6. Bd2 Qxc5 7. Nc3 Nf6 8. Be2 O-O 9. O-O Qb6 10. b3 d6 11. h3 Nd4 12. Nxd4 Qxd4 13. Qc2 Bd7 14. Rad1 Qe5 15. Be3 Bc6 16. Bf3 Rfc8 17. Bd4 Qa5 18. Rfe1 Nd7 19. Bxg7 Kxg7 20. Qb2 Qe5 21. Rd2 Nf6 22.
Nd5 Qxb2 23. Rxb2 Bxd5 24. exd5 Rc7 25. Rbe2 Kf8 26. a4 a5 27. Kf1 Ra6 28. Re3 Rb6 29.
Bd1 Ra6 30. Bc2 Ra8 31. g4 Re8 32. f4 Nd7 33. Kf2 Nc5 34. Kg3 e6 35. f5 e5 36. Kh4 gxf5 37. Bxf5 Kg7 38. Rf1 e4 39. Rf4 Re5 40. Kg3 Rce7 41. h4 h6 42. h5 Re8 43.
Rf1 R5e7 44. Rfe1 Kf6 45. Kf4 Nd3+ 46. Rxd3 exd3 47. Rxe7 Rxe7 48. Bxd3 Re1 0-1

[Event "*** Titled Tuesday Blitz"]
[Site "Chess.com"]
[Date "2021.02.16"]
[Round "3"]
[White "CSB7"]
[Black "Cecile-Haussernot"]
[Result "1-0"]
[WhiteElo "2536"]
[BlackElo "2328"]
[TimeControl "180+1"]
[EndTime "10:31:23 PST"]
[Termination "CSB7 won by resignation"]

1. d4 Nf6 2. Nf3 e6 3. Bf4 c5 4. e3 Nc6 5. Nbd2 d5 6. c3 Be7 7. Ne5 O-O 8. Bd3 Qb6 9. Rb1 cxd4 10. exd4 Nxe5 11. Bxe5 Nd7 12. Bg3 Bd6 13. Nf3 e5 14. dxe5 Re8 15. O-O Bxe5 16. Nxe5 Nxe5 17. Re1 f6 18.
Bxh7+ Kh8 19. Bc2 Bg4 20. Qd2 Nc4 21. Qxd5 Qxb2 22. Qxc4 Qxc2 23. Qxg4 Rxe1+ 24. Rxe1 Qxc3 25. Qh5+ Kg8 26. Qd5+ Kh8 27. Qh5+ Kg8 28. Qe2 Rd8 29. h3 Qc6 30. Qe6+ Qxe6 31. Rxe6 Kf7 32. Re2 Rd1+ 33. Kh2 Rb1 34. Rc2 a5 35. f4 Kg6 36. Rc5 b5 37. f5+ Kg5 38. a4 bxa4 39. Rxa5 Ra1 40. Bd6 Ra2 41. Bf8 g6 42. fxg6+ Kxg6 43. Ra6 Kf7 44.
Bb4 Kg6 45. Bc3 Kf5 46. Bxf6 Ke4 47. Kg3 Kd5 48. h4 Kc4 49. h5 Kb3 50. h6 Rd2 51.
h7 Rd3+ 52. Kg4 1-0

[Event "*** Titled Tuesday Blitz"]
[Site "Chess.com"]
[Date "2021.02.16"]
[Round "3"]
[White "LubovMarkelova"]
[Black "Danfii"]
[Result "0-1"]
[WhiteElo "2242"]
[BlackElo "2424"]
[TimeControl "180+1"]
[EndTime "10:31:23 PST"]
[Termination "Danfii won by resignation"]

1. d4 Nf6 2. Nf3 e6 3. Bf4 d5 4. e3 Bd6 5. Bg3 O-O 6. Bd3 c5 7. c3 b6 8. Nbd2 Bb7 9. Ne5 Ne4 10. Nxe4 dxe4 11. Bc2 f6 12. Nc4 Bxg3 13. hxg3 cxd4 14.
exd4 f5 15. Ne3 Qe8 16. Bb3 Nd7 17. d5 e5 18. g4 f4 19. Nf5 Nc5 20. d6+ Kh8 21.
Bd5 Nd3+ 22. Qxd3 exd3 23. Bxb7 Rb8 24. Be4 d2+ 25. Kxd2 Rd8 26. Rxh7+ Kxh7 27. Rh1+ Kg8 28. Bd5+ Rf7 29. c4 Rd7 30. g5 g6 31. Nh6+ Kg7 32.
Nxf7 Rxf7 33. Bxf7 Qxf7 34. Kc3 Qd7 35. Rd1 Kf7 36. b4 Ke8 37. Kb3 Qc6 38. a4 Kd7 39. Rd5 e4 40. Kc3 Qxa4 41. Kd4 e3 42. fxe3 fxe3 43. Kxe3 Qxb4 44. Kd4 Qd2+ 45. Ke5 Qe3+ 46. Kf6 Qe6+ 47. Kg7 a5 0-1

[Event "*** Titled Tuesday Blitz"]
[Site "Chess.com"]
[Date "2021.02.16"]
[Round "3"]
[White "Funo09"]
[Black "MasterKroket"]
[Result "1-0"]
[WhiteElo "2769"]
[BlackElo "2504"]
[TimeControl "180+1"]
[EndTime "10:31:25 PST"]
[Termination "Funo09 won by checkmate"]

1. e4 c5 2. Nf3 e6 3. b3 Nf6 4. d3 Nc6 5. g3 d5 6. Nbd2 b6 7. Bb2 Bb7 8. Bg2 dxe4 9. dxe4 Be7 10.
O-O O-O 11. Re1 Rc8 12. Qe2 Nb4 13. Rec1 Ba6 14. Qe1 Qe8 15. a3 Nc6 16. Bf1 Bb7 17.
e5 Ng4 18. Bd3 Nh6 19. Qe4 g6 20. Qf4 Kg7 21. Ne4 Ng8 22. Nf6 Qd8 23. Ng4 Na5 24.
h4 h5 25. Ngh2 Nh6 26. Rd1 Qc7 27. Ng5 Nf5 28. Bxf5 gxf5 29. Nhf3 Rfd8 30. Rd6 Kg6 31. Nxe6 fxe6 32. Rxe6+ Kg7 33. Qh6+ Kf7 34. Qg6+ Kf8 35.
Qxf5+ Ke8 36. Qg6+ Kf8 37. Ng5 Bxg5 38. hxg5 Rd7 39.
Rf6+ Rf7 40. e6 Rxf6 41. Qxf6+ Ke8 42. Rd1 Qe7 43. Qh8+ Qf8 44. Qxh5+ Ke7 45. Bf6+ Kxe6 46. Qg4+ Kf7 47. Rd7+ Kg8 48. Qe6+ Qf7 49. Qxf7# 1-0

[Event "*** Titled Tuesday Blitz"]
[Site "Chess.com"]
[Date "2021.02.16"]
[Round "3"]
[White "novocane"]
[Black "Atco84"]
[Result "0-1"]
[WhiteElo "2254"]
[BlackElo "2449"]
[TimeControl "180+1"]
[EndTime "10:31:25 PST"]
[Termination "Atco84 won by resignation"]

1. d4 e6 2. c4 Bb4+ 3. Nd2 f5 4.
Nf3 Nf6 5. e3 O-O 6. Bd3 b6 7.
O-O Bb7 8. Re1 Qe8 9. a3 Bxd2 10. Bxd2 Ne4 11. b4 d6 12. Rc1 Nd7 13. Qc2 Ndf6 14. c5 Bd5 15. Bc4 Qh5 16. Bxd5 Nxd5 17. cxd6 cxd6 18. b5 Rf6 19. Bb4 Rh6 20. h3 g5 21. Qc6 Rd8 22. Kf1 g4 23. Ng1 Rg6 24. hxg4 Qxg4 25. g3 Nxg3+ 26. fxg3 Qxg3 27. Ke2 Qxe3+ 28. Kd1 Rxg1 29. Rxg1+ Qxg1+ 30. Kc2 Qxd4 31. Kb3 Nxb4 32.
axb4 Qd5+ 33. Qxd5 exd5 34. Rg1+ Kf7 35. Kc3 Kf6 36. Kd4 Re8 37. Kxd5 Re4 38. Kxd6 Rxb4 39.
Kc6 h5 40. Rg8 h4 41. Ra8 h3 42. Rxa7 Rh4 43. Ra1 h2 44. Rh1 Ke5 45. Kxb6 Kf4 46.
Kc7 Kg3 47. b6 f4 48. b7 Rh7+ 49. Kc8 Rxb7 50. Kxb7 Kg2 51. Rb1 h1=Q 52. Rb2+ Kg3+ 0-1

[Event "*** Titled Tuesday Blitz"]
[Site "Chess.com"]
[Date "2021.02.16"]
[Round "3"]
[White "Fusikk"]
[Black "safikiet"]
[Result "1-0"]
[WhiteElo "2709"]
[BlackElo "2318"]
[TimeControl "180+1"]
[EndTime "10:31:29 PST"]
[Termination "Fusikk won by resignation"]

1. e4 e5 2. Nf3 Nc6 3. Bb5 a6 4. Ba4 d6 5. O-O Bd7 6. d4 b5 7. Bb3 exd4 8. c3 d3 9. Qxd3 Nf6 10. Bg5 Be7 11. Nbd2 O-O 12. Rae1 Ng4 13. Bxe7 Qxe7 14. Qe2 Nge5 15. Nd4 Na5 16. f4 Nxb3 17. axb3 Nc6 18.
N2f3 Rfe8 19. b4 Nxd4 20. Nxd4 c5 21. Nc2 Bc6 22. e5 dxe5 23. Qxe5 Qxe5 24. fxe5 cxb4 25. Nxb4 Bd7 26. Nd5 Ra7 27. Rf2 Be6 28. Nb4 a5 29. Nc6 Ra6 30. Nd4 Bc4 31. b3 Bd5 32. Nxb5 Rc6 33.
c4 Be6 34. Ra2 Ra8 35. Rea1 Rc5 36. Rxa5 Rxa5 37. Rxa5 h6 38. Ra8+ Kh7 39. Nd4 Bg4 40. h3 Bh5 41. e6 fxe6 42. Nxe6 Rc6 43. Nf8+ Kg8 44. g4 Bf7 45. Nd7+ Kh7 46. Ne5 Rc7 47. Nxf7 Rxf7 48. Rb8 Rf3 49. Kg2 Rd3 50. c5 Rd2+ 51.
Kf3 Rc2 52. b4 Rc3+ 53. Kf4 1-0

[Event "*** Titled Tuesday Blitz"]
[Site "Chess.com"]
[Date "2021.02.16"]
[Round "3"]
[White "sbouchet"]
[Black "Ekose"]
[Result "0-1"]
[WhiteElo "2390"]
[BlackElo "2633"]
[TimeControl "180+1"]
[EndTime "10:31:29 PST"]
[Termination "Ekose won on time"]

1. e4 e6 2. d4 d5 3. Nd2 Nf6 4. e5 Nfd7 5. f4 c5 6. c3 Nc6 7. Ndf3 Qb6 8. g3 cxd4 9. cxd4 Bb4+ 10. Kf2 f6 11. Kg2 O-O 12. Bd3 Be7 13. Ne2 f5 14. b3 Qd8 15. Be3 Nb6 16. Rg1 Bd7 17. Kh1 Kh8 18. g4 g6 19. Bf2 Rc8 20. Rc1 Nb4 21. Bb1 Bb5 22. h4 Bxe2 23. Qxe2 Rxc1 24. Rxc1 fxg4 25.
Ng5 Bxg5 26. fxg5 Rf3 27. Rg1 Qf8 28. Be3 Rh3+ 29. Kg2 Qf3+ 30. Qxf3 Rxf3 31. Bf2 Rc3 32. Be1 Nxa2 33. Bxc3 Nxc3 34. Bd3 Na2 35. Ra1 Nb4 36.
Bb5 a6 37. Be2 Nc2 38. Rd1 Ne3+ 39. Kg3 Nxd1 40. Bxd1 Kg7 41. Kxg4 Nd7 42. Kf4 Kf7 43. Ke3 Nb8 44. Kd3 Nc6 45. Kc3 a5 46. Be2 Ne7 47. Bg4 b5 48. Bh3 Nf5 49. Bxf5 gxf5 50. h5 f4 51. Kd3 a4 0-1

[Event "*** Titled Tuesday Blitz"]
[Site "Chess.com"]
[Date "2021.02.16"]
[Round "3"]
[White "Elprofessor21"]
[Black "NTBT_DHS"]
[Result "1-0"]
[WhiteElo "2494"]
[BlackElo "2779"]
[TimeControl "180+1"]
[EndTime "10:31:29 PST"]
[Termination "Elprofessor21 won by checkmate"]

1. d4 Nf6 2. Nf3 g6 3. g3 Bg7 4. Bg2 O-O 5. O-O d6 6. c4 Nbd7 7. b3 e5 8. Nc3 exd4 9. Nxd4 Re8 10. Bb2 Nc5 11. Qc2 Bd7 12. Rfd1 a5 13. Rd2 c6 14.
Rad1 Qc7 15. e4 Bh6 16. f4 Re7 17. Nde2 Rae8 18. Rxd6 Ng4 19. Na4 Nxa4 20. bxa4 f5 21. Qc3 Bg7 22. e5 Bc8 23. c5 Be6 24. h3 Nh6 25. Nd4 Bxa2 26. Nxc6 bxc6 27. Bxc6 Be6 28. Bxe8 Rxe8 29. Rxe6 Rxe6 30. Qc4 Qf7 31. Rd8+ Bf8 32. c6 Re7 33. e6 Rxe6 34. Qc3 Qa7+ 35. Kf1 Kf7 36. Rd7+ Qxd7 37. cxd7 Rd6 38. Qc4+ Ke7 39. Qc7 Rxd7 40. Bf6+ Ke6 41. Qe5+ Kf7 42. Bg5 Ng8 43. Qxa5 h6 44. Bh4 Bd6 45. Qb5 Ke6 46. Qb3# 1-0

[Event "*** Titled Tuesday Blitz"]
[Site "Chess.com"]
[Date "2021.02.16"]
[Round "3"]
[White "Rodalquilar"]
[Black "profofchess"]
[Result "0-1"]
[WhiteElo "2658"]
[BlackElo "2443"]
[TimeControl "180+1"]
[EndTime "10:31:29 PST"]
[Termination "profofchess won by checkmate"]

1. d4 Nf6 2. Nf3 e6 3. Bf4 b6 4. e3 Bb7 5. Nbd2 g6 6. Be2 Bg7 7. O-O O-O 8. a4 a6 9. h3 d6 10. Bh2 Qe7 11. c3 Nbd7 12. Bd3 e5 13. e4 Nh5 14. Re1 Qf6 15. Nc4 Nf4 16. Bf1 Rfe8 17. Ne3 h5 18. Bxf4 Qxf4 19. g3 Qf6 20. Nd5 Bxd5 21.
exd5 exd4 22. Rxe8+ Rxe8 23. Nxd4 a5 24. Bb5 Rd8 25.
Nc6 Rf8 26. f4 Nc5 27. Qe2 h4 28. Rf1 hxg3 29. f5 Qh4 30. Kg2 Ne4 31. Qg4 Qxg4 32. hxg4 gxf5 33. gxf5 Re8 34. Nd4 Re7 35. Nc6 Re8 36.
Rf3 Bf6 37. Nb8 Rxb8 38. Rf4 Ng5 39. Rg4 Kf8 40. Kxg3 Rd8 41. Rc4 Ke7 42. Rxc7+ Kf8 43. Rb7 Kg7 44. Rxb6 Rh8 45. Rb7 Rh3+ 46. Kg4 Rh2 47.
b4 Rg2+ 48. Kf4 Be5+ 49. Ke3 Bxc3 50. bxa5 Bxa5 51. Kf4 Rg1 52. Ra7 Bd2# 0-1

[Event "*** Titled Tuesday Blitz"]
[Site "Chess.com"]
[Date "2021.02.16"]
[Round "3"]
[White "Gerodot71"]
[Black "NikolaMa2000"]
[Result "1-0"]
[WhiteElo "2471"]
[BlackElo "1921"]
[TimeControl "180+1"]
[EndTime "10:31:29 PST"]
[Termination "Gerodot71 won by resignation"]

1. d4 e6 2. c4 Nf6 3. Nf3 d5 4. g3 Be7 5. Bg2 O-O 6. O-O dxc4 7. Qc2 a6 8. a4 Bd7 9. Qxc4 Bc6 10. Bf4 Bd5 11. Qc1 Nc6 12. e3 Bd6 13. Nc3 Bxf4 14. gxf4 Nb4 15. Nxd5 Nbxd5 16. Kh1 c6 17. Ne5 Nd7 18.
Nd3 a5 19. Qc4 Qe7 20. Rac1 N7b6 21. Qb3 Nd7 22. Rg1 Rfb8 23. Bf3 g6 24. Rc2 Ra6 25.
Rgc1 Rb6 26. Qa2 Nb4 27. Nxb4 Rxb4 28. Qa3 Ra8 29. Rc4 Nb6 30. Rxb4 axb4 31. Qb3 Rxa4 32. Rc5 Ra1+ 33. Kg2 Nd5 34. Qd3 Qh4 35. Qd2 g5 36. Rc1 Rxc1 37. Qxc1 gxf4 38. e4 Nf6 39. h3 Qg5+ 40. Kh2 h5 41. Qd2 Ng4+ 42. hxg4 hxg4 43. Bh1 Qh6+ 44. Kg1 Kg7 45. d5 cxd5 46. exd5 f3 47.
Qxh6+ Kxh6 48. d6 1-0

[Event "*** Titled Tuesday Blitz"]
[Site "Chess.com"]
[Date "2021.02.16"]
[Round "3"]
[White "SHIVACalypso"]
[Black "MIJuanReyesRosa"]
[Result "1/2-1/2"]
[WhiteElo "2341"]
[BlackElo "2128"]
[TimeControl "180+1"]
[EndTime "10:31:29 PST"]
[Termination "Game drawn by repetition"]

1. Nf3 c5 2. c4 Nf6 3. g3 d5 4. cxd5 Nxd5 5. Bg2 Nc6 6. O-O e5 7. Nc3 Be6 8. Ne1 Be7 9. Nc2 O-O 10. Nxd5 Bxd5 11.
Bxd5 Qxd5 12. Ne3 Qd7 13. d3 Nd4 14. b3 Qh3 15. Bb2 Bg5 16. Nc4 Rfe8 17. e3 Re6 18. f4 exf4 19. exd4 fxg3 20. Qc2 Rae8 21. Qg2 gxh2+ 22.
Qxh2 Be3+ 23. Kh1 Qg4 24. Nxe3 Rxe3 25. Rf4 Re1+ 26. Rf1 Qf3+ 27. Qg2 Qh5+ 28. Kg1 R1e6 29. Rf3 Re2 30. Qg3 Rxb2 31. dxc5 Qxc5+ 32. Kh1 Qc2 33. Raf1 Rb1 34. Rxf7 Rxf1+ 35. Rxf1 Qc6+ 36. Kg1 Qh6 37. Qf3 Qb6+ 38. Kh1 Qh6+ 39. Kg1 Qg5+ 40. Kh1 Qh4+ 41. Kg1 Qg5+ 42. Kh1 Qh6+ 43. Kg1 1/2-1/2

[Event "*** Titled Tuesday Blitz"]
[Site "Chess.com"]
[Date "2021.02.16"]
[Round "3"]
[White "HrvojeZagreb"]
[Black "Tsyhanchuk_Stanislav"]
[Result "1-0"]
[WhiteElo "2248"]
[BlackElo "2475"]
[TimeControl "180+1"]
[EndTime "10:31:30 PST"]
[Termination "HrvojeZagreb won by resignation"]

1. d4 Nf6 2. Bf4 g6 3. Nc3 Bg7 4. e4 d6 5. Qd2 O-O 6. O-O-O Nc6 7. Bh6 d5 8. Bxg7 Kxg7 9. e5 Ne4 10. Nxe4 dxe4 11. h3 Be6 12. d5 Nxe5 13. Qc3 f6 14. dxe6 Qc8 15. f4 Nc6 16. Rd7 Rd8 17. Qd2 a6 18. Bc4 Kf8 19. Ne2 b5 20. Bb3 Rb8 21.
f5 Ne5 22. Rd1 Rxd7 23. exd7 Nxd7 24. Qd5 Kg7 25. Qxd7 Qxd7 26. Rxd7 gxf5 27. Rxe7+ Kh6 28.
Rxc7 Kg5 29. g3 h5 30. Be6 Rd8 31. Rc5 h4 32. Rxf5+ Kg6 33. gxh4 Rd6 34. Nf4+ Kh6 35. Rh5+ Kg7 36. Bf5 e3 37. Rh7+ Kg8 38. h5 Rd4 39. Ne2 Rd8 40. h6 Rd2 41. Rg7+ Kh8 42. Rc7 Rd8 43. h7 a5 44. Nf4 Rg8 45. hxg8=Q+ 1-0

[Event "*** Titled Tuesday Blitz"]
[Site "Chess.com"]
[Date "2021.02.16"]
[Round "3"]
[White "PlotnikovPavel"]
[Black "MasterMK73"]
[Result "0-1"]
[WhiteElo "2485"]
[BlackElo "2265"]
[TimeControl "180+1"]
[EndTime "10:31:31 PST"]
[Termination "MasterMK73 won by checkmate"]

1. e4 c5 2. Nc3 a6 3. Nge2 e6 4. d4 cxd4 5. Nxd4 Qc7 6. Be3 Nf6 7. Qf3 Bb4 8. Bd2 O-O 9. Bd3 Nc6 10. Nxc6 bxc6 11. O-O Be7 12. Rad1 Rb8 13. b3 d5 14.
exd5 cxd5 15. Bg5 h6 16. Bh4 Bb7 17. Ne2 e5 18. Bxf6 Bxf6 19. Qf5 e4 20. Nf4 exd3 21.
Rxd3 Qe5 22. Qg4 Rbd8 23. Nh5 Qg5 24. Qh3 Bc8 25. Qf3 Bg4 26. Nxf6+ gxf6 27. Qe3 Qxe3 28.
Rxe3 Be6 29. Rg3+ Kh7 30. Rf3 f5 31. Re1 Rfe8 32. g3 Bc8 33. Rd1 d4 34. Rf4 Re4 35.
Rf3 Rde8 36. Kg2 Bb7 37. Rfd3 Re1+ 38. Kh3 Rxd1 39. Rxd1 Rd8 40. Re1 Be4 41. Re2 Rd5 42.
Rd2 Kg6 43. g4 f4 44. Re2 f5 45. Kh4 Rc5 46. Rd2 Rxc2 47. Rxd4 Rxf2 48. Rd6+ Kf7 49. gxf5 Bxf5 50. h3 Rf3 51. Rd3 Rxd3 52. b4 Rxh3# 0-1